 Dungeon Sprint DCSS version 0.21.0 (webtiles) character file.

811 wojtek the Basher (level 7, -8/78 HPs)
             Began as a Minotaur Berserker on Jan 6, 2018.
             Was an Elder of Trog.
             Mangled by a tyrant leech (18 damage)
             ... in the Dungeon (Sprint II: "The Violet Keep of Menkaure").
             The game lasted 00:01:03 (280 turns).

wojtek the Basher (Minotaur Berserker)               Turns: 280, Time: 00:01:04

Health: -8/78      AC:  2    Str: 23    XL:     7   Next: 61%
Magic:  6/6        EV: 16    Int:  4    God:    Trog [****..]
Gold:   729        SH:  0    Dex: 10    Spells: 6/6 levels left

rFire    . . .     SeeInvis .   a - +0 mace
rCold    . . .     Gourm    .   (no shield)
rNeg     . . .     Faith    .   b - +0 animal skin
rPois    .         Spirit   .   (helmet restricted)
rElec    .         Reflect  .   (no cloak)
rCorr    .         Harm     .   (no gloves)
MR       .....     Rnd*Rage +   (no boots) Stlth +.........NoTele +
                                (no amulet)
HPRegen  0.23/turn              (no ring)
MPRegen  0.10/turn              (no ring)

@: berserk cooldown, slowed, very slow
A: retaliatory headbutt, horns 2, berserk 1, robust 1
a: Berserk, Trog's Hand, Brothers in Arms, Burn Spellbooks, Renounce Religion


You were in the Dungeon.
You worshipped Trog.
Trog was greatly pleased with you.
You were hungry.

You visited 1 branch You collected 729 gold pieces.

Inventory:

Hand Weapons
 a - a +0 mace (weapon)
Armour
 b - a +0 animal skin (worn)
Scrolls
 i - a scroll of blinking
Potions
 d - a potion of curing
 e - a potion of heal wounds
 f - a potion of haste
 g - 2 potions of magic
 h - a potion of berserk rage
Comestibles
 c - a ration
 j - 3 chunks of flesh


   Skills:
 + Level 9.7 Fighting
 * Level 12.8 Maces & Flails
 + Level 9.3 Armour
 + Level 8.6 Dodging


You had 6 spell levels left.
You didn't know any spells.

Dungeon Overview and Level Annotations

Branches:
Dungeon (1/1)

Altars:


Innate Abilities, Weirdness & Mutations

You reflexively headbutt those who attack you in melee.
You have a pair of horns on your head.
You tend to lose your temper in combat.
You are robust. (+10% HP)


Message History

The tyrant leech bites you!!
The tyrant leech draws strength from your injuries!
You hit the tyrant leech but do no damage.
Your headbutt misses the tyrant leech.
The tyrant leech is lightly wounded.
The tyrant leech misses you. You furiously retaliate!
You headbutt the tyrant leech. You completely miss the tyrant leech.
The tyrant leech is moderately wounded.
The tyrant leech bites you!!
* * * LOW HITPOINT WARNING * * *
The tyrant leech draws strength from your injuries!
You barely miss the tyrant leech. Your headbutt misses the tyrant leech.
The tyrant leech is moderately wounded.
The tyrant leech barely misses you.
You hit the tyrant leech but do no damage.
Your headbutt misses the tyrant leech.
The tyrant leech is moderately wounded.
The tyrant leech bites you!!
You die...

#+# ###.###
#..#..#
####.#.####
##.###'###.#
#..$##.##.###
#@.<.'##.+
#..w##.##...#
##.###'###.##
####...####
#..##.#
####.## +##


You could see a tyrant leech.

Vanquished Creatures
  A tyrant leech (D)
  4 neqoxecs (D)
  4 worker ants (D)
  3 worms (D)
12 creatures vanquished.

Vanquished Creatures (others)
  A crocodile (D)
1 creature vanquished.

Grand Total: 13 creatures vanquished

Notes
Turn   | Place    | Note
-------+----------+-------------------------------------------
     0 | D        | wojtek the Minotaur Berserker began the quest for the Orb.
     0 | D        | Reached XP level 1. HP: 19/19 MP: 0/0
     1 | D        | Noticed a worker ant
     1 | D        | Noticed a worker ant
     1 | D        | Noticed a worker ant
     1 | D        | Noticed a worker ant
     3 | D        | Killed a worker ant
     3 | D        | Reached skill level 5 in Maces & Flails
     3 | D        | Reached XP level 2. HP: 28/28 MP: 1/1
     4 | D        | Reached skill level 5 in Fighting
     4 | D        | Reached skill level 6 in Maces & Flails
     4 | D        | Reached XP level 3. HP: 36/36 MP: 2/2
     5 | D        | Reached ** piety under Trog
     5 | D        | Reached skill level 7 in Maces & Flails
     5 | D        | Reached XP level 4. HP: 42/42 MP: 3/3
     6 | D        | Reached skill level 5 in Armour
    35 | D        | Killed a crocodile
    58 | D        | Reached *** piety under Trog
   103 | D        | Noticed a neqoxec
   103 | D        | Noticed a neqoxec
   103 | D        | Noticed a neqoxec
   103 | D        | Noticed a neqoxec
   103 | D        | Gained mutation: You are robust. (+10% HP) [a neqoxec]
   106 | D        | Killed a neqoxec
   106 | D        | Reached skill level 9 in Maces & Flails
   106 | D        | Reached XP level 5. HP: 57/57 MP: 4/4
   110 | D        | Killed a neqoxec
   110 | D        | Reached skill level 10 in Maces & Flails
   110 | D        | Reached XP level 6. HP: 55/67 MP: 5/5
   112 | D        | Killed a neqoxec
   112 | D        | Reached **** piety under Trog
   112 | D        | Reached skill level 11 in Maces & Flails
   113 | D        | Gained mutation: You tend to lose your temper in combat. [a neqoxec]
   117 | D        | Killed a neqoxec
   117 | D        | Reached skill level 12 in Maces & Flails
   117 | D        | Reached XP level 7. HP: 65/77 MP: 6/6
   259 | D        | Noticed a tyrant leech
   259 | D        | Noticed a tyrant leech
   265 | D        | Killed a tyrant leech
   280 | D        | Mangled by a tyrant leech

Skill      XL: |  1  2  3  4  5  6  7 |
---------------+----------------------+-----
Fighting       | 4 5 7 8 9 |  9.7
Maces & Flails | 5 6 7 9 10 12 | 12.8
Armour         | 3 4 6 7 8 9 |  9.3
Dodging        | 3 4 6 7 8 |  8.6

Action                   |  1- 3 |  4- 6 |  7- 9 || total
-------------------------+-------+-------+-------++-------
Melee: Mace              |     3 |    25 |    19 ||    47
       Headbutt          |     2 |     9 |     2 ||    13
Invok: Berserk           |     1 |     1 |     1 ||     3
Dodge: Dodged            |       |     6 |     8 ||    14
